 Dungeon Crawl Stone Soup version 0.31-a0-1589-g8f5e8aebd6 (webtiles) character file.

Game seed: 5471745354949988515

13 Flugslaktarn the Apothecary (level 2, 0/17 HPs)
             Began as an Octopode Alchemist on Jan 6, 2024.
             Slain by an orc
             ... wielding a +0 club
              (5 damage)
             ... on level 4 of the Dungeon.
             The game lasted 00:00:28 (244 turns).

Flugslaktarn the Apothecary (Octopode Alchemist)     Turns: 244, Time: 00:00:28

Health: 0/17       AC:  1    Str:  7    XL:     2   Next: 37%
Magic:  2/5        EV: 13    Int: 17    God:
Gold:   9          SH:  0    Dex: 12    Spells: 4/5 levels left

rFire   . . .        c - +0 spear
rCold   . . .        (no shield)
rNeg    . . .        (helmet restricted)
rPois   .            (no amulet)
rElec   .            (no ring)
rCorr   .            (no ring)
SInv    .            (no ring)
Will    .....        (no ring)
Stlth   +++          (no ring)
HPRegen 0.22/turn    (no ring)
MPRegen 0.09/turn    (no ring)
                     (no ring)

%: no passive effects
@: no status effects
A: almost no armour, amphibious, 8 rings, camouflage 1, gelatinous body 1,
(nimble swimmer 1), tentacles
a: no special abilities


You were on level 4 of the Dungeon.
You visited 1 branch of the dungeon, and saw 3 of its levels.

You collected 9 gold pieces.

Inventory:

Hand Weapons
 c - a +0 spear (weapon)
   (You found it on level 1 of the Dungeon)
Scrolls
 e - a scroll of enchant armour {unknown}
 g - a scroll of fog {unknown}
 h - a scroll of identify {unknown}
Potions
 a - a potion of magic
 b - a potion of heal wounds {unknown}
 d - a potion of invisibility {unknown}
 f - a potion of curing {unknown}


   Skills:
 - Level 2.0 Dodging
 - Level 2.6 Stealth
 + Level 2.2 Spellcasting
 - Level 1.0 Conjurations
 * Level 3.9 Alchemy


You had 4 spell levels left.
You knew the following spells:

 Your Spells              Type           Power      Damage    Failure   Level
a - Sting                 Conj/Alch      40%        1d5       7%          1

Your spell library contained the following spells:

 Spells                   Type           Power      Damage    Failure   Level
 Mercury Vapours          Alch/Air       16%        N/A       13%         2
 Mephitic Cloud           Conj/Alch/Air  7%         N/A       28%         3
 Olgreb's Toxic Radiance  Alch           15%        N/A       36%         4
 Sticky Flame             Fire/Alch      8%         2d4       63%         4


Dungeon Overview and Level Annotations

Branches:
Dungeon (2/15)

Altars:


Innate Abilities, Weirdness & Mutations

You cannot wear most types of armour.
You are amphibious.
You can wear up to eight rings at the same time.
Your skin changes colour to match your surroundings (Stealth+).
Your rubbery body absorbs attacks. (AC +1, EV +1)
((You are camouflaged when in or above water. (Stealth+)))
You have tentacles for arms and can constrict up to eight enemies at once.


Message History

Casting: Sting (safe; 7% risk of failure)
Confirm with . or Enter, or press ? or * to list all spells.
Aiming: Sting (safe; 7% risk of failure)
Press: ? - help, Shift-Dir - straight line, f - goblin
Aim: a goblin, wielding a +0 club (60% to hit)
The sting hits the goblin.
The goblin is poisoned.
The goblin is moderately wounded.
Casting: Sting (safe; 7% risk of failure)
Confirm with . or Enter, or press ? or * to list all spells.
Aiming: Sting (safe; 7% risk of failure)
Press: ? - help, Shift-Dir - straight line, f/p - goblin
Aim: a goblin, wielding a +0 club (moderately wounded, poisoned, 60% to hit)
The sting misses the goblin.
The goblin hits you with a +0 club.
You hit the goblin.
You kill the goblin!
The hobgoblin barely misses you.
You closely miss the hobgoblin. You grab the hobgoblin.
You constrict the hobgoblin. The hobgoblin barely misses you.
You hit the hobgoblin.
The hobgoblin is heavily wounded.
You constrict the hobgoblin. The hobgoblin completely misses you.
The hobgoblin hits you but does no damage.
You hit the hobgoblin.
You kill the hobgoblin!
No target in view!
You see here a +0 club.
There is a stone staircase leading up here.
A kobold comes into view. It is wielding a +0 dagger.
A malevolent force fills the Dungeon...
You fall into a shaft and drop 2 floors!
The shaft crumbles and collapses.
A hobgoblin comes into view.
Found a scroll labelled EFAXAV YNLO.
As you open the door, it creaks loudly!
You hear a shout!
There is an open door here.
There is an open door here.
Found a robe.
g - a scroll labelled EFAXAV YNLO
Found a scroll labelled XIOHEI DYSSENIWORR.
h - a scroll labelled XIOHEI DYSSENIWORR Unknown command.
An orc comes into view. It is wielding a +0 club.
An orc is nearby!
Unknown command.
Casting: Sting (safe; 7% risk of failure)
Confirm with . or Enter, or press ? or * to list all spells.
You can't see any susceptible monsters within range! (Use Z to cast anyway.)
A hobgoblin and an orc come into view.
Casting: Sting (safe; 7% risk of failure)
Confirm with . or Enter, or press ? or * to list all spells.
Aiming: Sting (safe; 7% risk of failure)
Press: ? - help, Shift-Dir - straight line, f - orc
Aim: an orc, wielding a +0 club and wearing a +0 leather armour (asleep, 100% to hit)
The sting hits the orc.
The orc is poisoned.
The orc is heavily wounded.
Casting: Sting (safe; 7% risk of failure)
Confirm with . or Enter, or press ? or * to list all spells.
Aiming: Sting (safe; 7% risk of failure)
Press: ? - help, Shift-Dir - straight line, f/p - orc
Aim: an orc, wielding a +0 club and wearing a +0 leather armour (heavily wounded, poisoned, 71% to hit)
The sting hits the orc.
The orc looks even sicker.
The orc is almost dead.
You closely miss the orc. Your grab misses the orc.
The orc is almost dead.
You kill the orc!
Things that are here:
a +0 club; a +0 leather armour The orc shouts!
An orc comes into view. It is wielding a +0 whip.
An endoplasm comes into view.
Casting: Sting (safe; 7% risk of failure)
Confirm with . or Enter, or press ? or * to list all spells.
Aiming: Sting (safe; 7% risk of failure)
Press: ? - help, Shift-Dir - straight line, f - orc
Aim: an orc, wielding a +0 club and wearing a +0 chain mail (79% to hit)
The sting hits the orc but does no damage.
The orc is poisoned.
The orc shouts!
The orc attacks as it pursues you! The orc misses you.
The orc attacks as it pursues you! The orc barely misses you.
Casting: Sting (safe; 7% risk of failure)
Confirm with . or Enter, or press ? or * to list all spells.
Aiming: Sting (safe; 7% risk of failure)
Press: ? - help, Shift-Dir - straight line, f/p - orc
Aim: an orc, wielding a +0 club and wearing a +0 chain mail (heavily wounded, poisoned, 79% to hit)
The sting misses the orc.
The orc barely misses you.
You barely miss the orc. You grab the orc.
The orc is heavily wounded.
You constrict the orc, but do no damage.
The orc looks more healthy.
The orc hits you with a +0 club.
You hit the orc but do no damage.
The orc is heavily wounded.
You constrict the orc, but do no damage.
The hobgoblin closely misses you. The orc hits you with a +0 club.
You release your grip on the orc.
The hobgoblin hits you. The orc hits you with a +0 club.
You open the door. The hobgoblin hits you.
* * * LOW HITPOINT WARNING * * *
The orc hits you with a +0 club.
You die...

...... ...... ##......
#........ ......
###........ ....
..#........ ..#
##########.#........
..###+#.......##.#........
..#...........##'#........
#.#.[...........@gJ.......
#.#............)oo........
'...#+########............
#.### #............ #.#
......####..... ..#
####### ##### ..# ..# ..#


You could see 2 orcs, an endoplasm and a hobgoblin.

Vanquished Creatures
  A dart slug (D:2)
  An orc (D:4)
  A ball python (D:1)
  An endoplasm (D:2)
  A goblin (D:2)
  2 hobgoblins (D:2)
  A kobold (D:2)
8 creatures vanquished.

Notes
Turn   | Place    | Note
-------+----------+-------------------------------------------
     0 | D:1      | Flugslaktarn the Octopode Alchemist began the quest for the
                  | Orb.
     0 | D:1      | Reached XP level 1. HP: 11/11 MP: 3/3
    96 | D:2      | Reached XP level 2. HP: 15/17 MP: 1/5
   199 | D:2      | You fall into a shaft and drop 2 floors!
   244 | D:4      | Slain by an orc

Illustrated notes

Levels and vault maps discovered:
D:1:      minmay_arrival_up_and_down, layout_loops_cross
D:2:      layout_loops_corners, uniq_jessica
D:4:      layout_basic, wad_orctagon, uniq_natasha

Action                     || total
---------------------------++-------
  Melee: Spear             ||    14
         Constrict         ||     4
         Tentacles         ||     1
   Cast: Sting             ||    12
 Armour: Skin              ||    10
  Dodge: Dodged            ||    13

Table legend: (Time is in decaauts)
 A = Elapsed time spent in this place.
 B = Non-inter-level travel time spent in this place.
 C = Inter-level travel time spent in this place.
 D = Time resting spent in this place.
 E = Time spent auto-exploring this place.
 F = Levels seen in this place.
 G = Mean time per level.
                   A        B        C        D        E       F      G
               +--------+--------+--------+--------+--------+-----+--------+
         Total |    244 |    244 |      0 |      0 |    134 |   3 |   81.3 |
       Dungeon |    244 |    244 |      0 |      0 |    134 |   3 |   81.3 |
               +--------+--------+--------+--------+--------+-----+--------+

Top non-repeatable levels by time:
     D:2: 170 daAuts
     D:4: 45 daAuts
     D:1: 28 daAuts
